 Dungeon Crawl Stone Soup version 0.26-a0-259-g1effd001a9 (webtiles) character file.

Game seed: 18112517910949936235

59742 kae the Grappler (level 14, -6/118 HPs)
             Began as a Demonspawn Gladiator on July 16, 2020.
             Was an Elder of Uskayaw.
             Mangled by a deep troll (15 damage)
             ... on level 1 of the Orcish Mines.
             The game lasted 00:33:30 (28096 turns).

kae the Grappler (Demonspawn Gladiator)            Turns: 28096, Time: 00:33:31

Health: -6/118     AC: 25    Str: 23    XL:     14   Next: 54%
Magic:  23/23      EV:  9    Int: 16    God:    Uskayaw [****..]
Gold:   565        SH:  0    Dex: 21    Spells: 13/13 levels left

rFire    + . .     SeeInvis +     - Unarmed
rCold    + + .     Faith    .   (no shield)
rNeg     . . .     Spirit   .   u - +2 plate armour "Xuzxof" {Int+4}
rPois    +         Reflect  .   B - +1 helmet
rElec    +         Harm     .   (no cloak)
rCorr    .                      (gloves unavailable)
MR       +....                  G - +0 pair of boots "Velitiwu" {rPois rF+ rC++ SInv}
Stlth    ..........             A - amulet of magic regeneration
HPRegen  0.29/turn              D - +6 ring of dexterity
MPRegen  0.43/turn              s - +6 ring of strength

@: no status effects
A: claws 3, thin metallic scales 3, nightstalker 1, powered by pain 1
a: Stomp, Line Pass, Renounce Religion


You were on level 1 of the Orcish Mines.
You worshipped Uskayaw.
Uskayaw was pleased with you.
You were not hungry.

You visited 4 branches of the dungeon, and saw 20 of its levels.

You collected 1231 gold pieces.
You spent 666 gold pieces at shops.

Inventory:

Hand Weapons
 a - a +1 scimitar of flaming
Missiles
 c - 5 throwing nets
 p - 518 stones (quivered)
Armour
 u - the +2 plate armour "Xuzxof" (worn) {Int+4}
   (You found it on level 4 of the Dungeon)

   It affects your intelligence (+4).
 B - a +1 helmet (worn)
 G - the +0 pair of boots "Velitiwu" (worn) {rPois rF+ rC++ SInv}
   (You bought it in a shop on level 7 of the Dungeon)

   It protects you from fire.
   It greatly protects you from cold.
   It protects you from poison.
   It lets you see invisible.
Jewellery
 o - an uncursed ring of ice
 s - a +6 ring of strength (right claw)
 t - an uncursed ring of positive energy
 y - an uncursed ring of fire
 A - an amulet of magic regeneration (around neck)
 C - an uncursed ring of flight
 D - a +6 ring of dexterity (left claw)
 K - an uncursed ring of protection from fire
 M - an uncursed ring of protection from fire
Wands
 b - a wand of iceblast (6)
 h - a wand of polymorph (17)
 i - a wand of acid (15)
 I - a wand of random effects (12)
 R - a wand of flame (19)
Scrolls
 f - 4 scrolls of amnesia
 g - 2 scrolls of identify
 k - 3 scrolls of immolation
 l - 10 scrolls of remove curse
 n - a scroll of enchant weapon
 w - 3 scrolls of enchant armour
 z - 2 scrolls of fog
 F - 4 scrolls of teleportation
 N - a scroll of blinking
Potions
 e - 2 potions of brilliance
 j - a potion of might
 m - a potion of flight
 q - a potion of berserk rage
 r - 3 potions of haste
 v - 4 potions of lignification
 x - 5 potions of stabbing
 E - a potion of cancellation
 J - a potion of mutation
 L - a potion of experience
 O - a potion of heal wounds
 P - a potion of ambrosia
 S - a potion of curing
Comestibles
 d - 45 rations


   Skills:
 - Level 13.0 Fighting
 - Level 1.7 Throwing
 - Level 11.0 Armour
 - Level 2.6 Dodging
 + Level 14.5 Unarmed Combat
 - Level 12.4 Invocations


You had 13 spell levels left.
You didn't know any spells.
Your spell library contained the following spells:

 Spells                   Type           Power        Failure   Level
 Magic Dart               Conj           #...         96%         1
 Shock                    Conj/Air       #...         96%         1
 Blink                    Tloc           N/A          99%         2
 Call Imp                 Summ           #.......     99%         2
 Slow                     Hex            #.......     99%         2
 Swiftness                Chrm/Air       #.......     99%         2
 Confusing Touch          Hex            #.......     100%        3
 Conjure Flame            Conj/Fire      #.......     100%        3
 Gell's Gravitas          Tloc           #.........   100%        3
 Mephitic Cloud           Conj/Pois/Air  #.......     100%        3
 Static Discharge         Conj/Air       #.......     100%        3
 Airstrike                Air            #.........   100%        4
 Petrify                  Tmut/Erth      #.......     100%        4
 Lightning Bolt           Conj/Air       #.........   100%        5
 Metabolic Englaciation   Hex/Ice        #.........   100%        5
 Yara's Violent Unravell  Hex/Tmut       #.........   100%        5


Dungeon Overview and Level Annotations

Branches:
Dungeon (11/15)            Temple (1/1) D:6            Lair (6/6) D:9
 Shoals (0/4) Lair:3       Spider (0/4) Lair:4        Slime (0/5) Lair:6
    Orc (2/2) D:10            Elf (0/3) Orc:2

Altars:
Ashenzari
Cheibriados
Dithmenos
Elyvilon
Fedhas
Gozag
Hepliaklqana
Kikubaaqudgha
Makhleb
Nemelex Xobeh
Okawaru
Qazlal
Ru
Sif Muna
Trog
Uskayaw
Vehumet
Wu Jian
Xom
Yredelemnul
Zin
The Shining One
Beogh
Jiyva

Shops:
D:4 [*?:(   D:7 [=[   Orc:1 %   Orc:2 =

Annotations:
D:3 Sigmund
D:10 2 transporters
Lair:6 2 exclusions


Innate Abilities, Weirdness & Mutations

You have claws for hands.
You are completely covered in thin metallic scales. (AC +4, rElec)
You are slightly more attuned to the shadows.
You sometimes gain a little power by taking damage.


Message History

You claw the deep troll!
The deep troll is lightly wounded.
You mangle the deep troll!!
The deep troll is heavily wounded.
The deep troll bites you but does no damage.
The deep troll completely misses you.
The deep troll claws you but does no damage.
Uskayaw will force your foes to share their pain.
You claw the deep troll!
The deep troll is severely wounded.
The deep troll bites you!
* * * LOW HITPOINT WARNING * * *
The deep troll claws you!
* * * LOW HITPOINT WARNING * * *
The deep troll claws you!
* * * LOW HITPOINT WARNING * * *
You scratch the deep troll.
The deep troll is almost dead.
The deep troll bites you!
You die...

##.......#.#.......#
#........#####.....##
#.........###.....ยง.###
......#..###...#......###
......##...T..###...###.##
...#.##......## ##.......#
.....###......###....##.##
......#...##..##..^..####
##........##...#@>)..#
##........###..T...###
#........###..[...##
##.....######..)#)##
........#..#...#)..#
.....#......#.###.##
(...##....).### ###
..(.###......#
(...(...[....#


You could see a deep troll.

Vanquished Creatures
  Snorg (Orc:1)
  Harold (D:8)
  A hydra (Lair:6)
  Erica (D:7)
  6 two-headed ogres
  An ogre mage (Orc:2)
  9 death yaks
  Sonja (Orc:1)
  An unseen horror (D:10)
  A deep troll (Orc:2)
  2 black mambas
  An elephant (D:9)
  Maurice (Orc:1)
  A centaur zombie (D:10)
  Joseph (D:9)
  A torpor snail (Lair:5)
  2 rime drakes
  7 cane toads
  4 komodo dragons
  A jumping spider (D:11)
  2 trolls (Orc:1)
  4 polar bears (Lair:6)
  Grinder (D:5)
  6 hornets
  12 blink frogs (Lair:5)
  8 hippogriffs
  5 dream sheep
  6 wyverns
  13 spriggans
  A redback (Lair:4)
  29 yaks
  4 basilisks
  Eustachio (D:5)
  Grum (D:8)
  2 wargs
  10 water moccasins
  8 porcupines
  Duvessa (D:5)
  10 orc warriors
  3 black bears
  5 ice beasts
  3 sky beasts
  2 phantoms
  A necrophage (D:10)
  28 wolves
  4 boggarts (Lair:6)
  16 ogres
  7 centaurs
  19 crocodiles
  2 big kobolds (D:9)
  17 bullfrogs
  A wyvern zombie (D:11)
  Dowan (D:5)
  A wyvern skeleton (D:9)
  5 killer bees (D:9)
  8 wights
  6 howler monkeys
  A quasit (D:10)
  9 hounds
  9 orc priests
  4 bullfrog skeletons
  22 orc wizards
  Jessica (D:2)
  2 iguanas
  Natasha (thrice) (D:2)
  11 worker ants
  A hound skeleton (D:9)
  3 gnolls (D:7)
  15 adders
  A shadow imp (D:8)
  4 white imps
  An ufetubus (D:10)
  3 oozes
  3 adder skeletons
  6 worms
  2 dart slugs (D:1)
  5 leopard geckos
  63 orcs
  5 giant cockroaches
  A goblin (D:2)
  8 hobgoblins
  10 jackals
  20 kobolds
  6 quokkas
  3 ball pythons
  9 bats
  11 frilled lizards
  A quokka skeleton (D:4)
  6 rats
546 creatures vanquished.

Vanquished Creatures (others)
  23 fungi
  7 plants
30 creatures vanquished.

Grand Total: 576 creatures vanquished

Notes
Turn   | Place    | Note
-------+----------+-------------------------------------------
     0 | D:1      | kae the Demonspawn Gladiator began the quest for the Orb.
     0 | D:1      | Reached XP level 1. HP: 16/16 MP: 1/1
   527 | D:1      | Gained mutation: You are partially covered in thin metallic
                  | scales. (AC +2) [demonic ancestry]
   527 | D:1      | Reached XP level 2. HP: 17/23 MP: 2/2
  1151 | D:2      | Noticed Jessica
  1615 | D:2      | Reached XP level 3. HP: 27/30 MP: 3/3
  1902 | D:2      | Killed Jessica
  2087 | D:2      | Gained mutation: You have sharp fingernails. [demonic
                  | ancestry]
  2087 | D:2      | Reached XP level 4. HP: 38/38 MP: 4/4
  2306 | D:2      | Found a basalt altar of Yredelemnul.
  2358 | D:2      | Reached skill level 3 in Unarmed Combat
  2763 | D:3      | Noticed Sigmund
  3048 | D:3      | Noticed Natasha
  3176 | D:2      | Killed Natasha
  3176 | D:2      | Gained mutation: You are mostly covered in thin metallic
                  | scales. (AC +3) [demonic ancestry]
  3176 | D:2      | Reached XP level 5. HP: 32/43 MP: 5/5
  3282 | D:2      | Noticed Natasha
  3290 | D:2      | Killed Natasha
  3290 | D:2      | Reached skill level 4 in Unarmed Combat
  3331 | D:2      | Noticed Natasha
  3337 | D:2      | Killed Natasha
  3602 | D:2      | Found a basalt altar of Yredelemnul.
  4304 | D:3      | Reached skill level 5 in Unarmed Combat
  4304 | D:3      | Gained mutation: You are slightly more attuned to the
                  | shadows. [demonic ancestry]
  4304 | D:3      | Reached XP level 6. HP: 29/49 MP: 6/6
  4864 | D:4      | Found Yculavei's Assorted Antiques.
  4867 | D:4      | Bought a scroll labeled BENUDA ICATU for 24 gold pieces
  4867 | D:4      | Bought a cyan potion for 21 gold pieces
  4874 | D:4      | Found Pupiuf's Armour Boutique.
  4951 | D:4      | Got a shimmering plate armour
  4962 | D:4      | Identified the +2 plate armour "Xuzxof" {Int+4} (You found
                  | it on level 4 of the Dungeon)
  5172 | D:4      | Reached skill level 6 in Unarmed Combat
  5187 | D:4      | Reached XP level 7. HP: 18/55 MP: 7/7
  5456 | D:4      | Found Bipafyth's Antique Weapon Boutique.
  5953 | D:4      | Found Uguc's Magic Scroll Emporium.
  5959 | D:4      | Bought a scroll of identify for 22 gold pieces
  5959 | D:4      | Bought a scroll of identify for 22 gold pieces
  5959 | D:4      | Bought a scroll of identify for 22 gold pieces
  6065 | D:4      | Reached skill level 7 in Unarmed Combat
  6110 | D:4      | Found Isesseor's Book Shoppe.
  6414 | D:5      | Entered Level 5 of the Dungeon
  6414 | D:5      | Found an opulent altar of Gozag.
  6690 | D:5      | Reached skill level 8 in Unarmed Combat
  6836 | D:5      | Reached XP level 8. HP: 57/61 MP: 8/8
  6908 | D:5      | Noticed Eustachio
  6938 | D:5      | Killed Eustachio
  7044 | D:5      | Found an ancient bone altar of Kikubaaqudgha.
  7088 | D:5      | Noticed Grinder
  7090 | D:5      | Paralysed by Grinder for 2 turns
  7103 | D:5      | Found a hazy altar of Hepliaklqana.
  7302 | D:5      | Paralysed by Grinder for 6 turns
  7319 | D:5      | Killed Grinder
  7319 | D:5      | Reached skill level 9 in Unarmed Combat
  7544 | D:5      | Noticed Duvessa
  7550 | D:5      | Noticed Dowan
  7563 | D:5      | Killed Duvessa
  7589 | D:5      | HP: 1/61 [Dowan/shard of ice (5)]
  7592 | D:5      | Killed Dowan
  8004 | D:5      | Reached skill level 10 in Unarmed Combat
  8084 | D:6      | Found a staircase to the Ecumenical Temple.
  8104 | Temple   | Entered the Ecumenical Temple
  8257 | Temple   | Became a worshipper of Uskayaw the Reveler
  8389 | D:6      | Reached * piety under Uskayaw
  8395 | D:6      | Reached ** piety under Uskayaw
  8608 | D:6      | Reached *** piety under Uskayaw
  8610 | D:6      | Reached skill level 1 in Invocations
  8613 | D:6      | Reached **** piety under Uskayaw
  8788 | D:6      | Reached XP level 9. HP: 61/66 MP: 10/10
  9183 | D:7      | Found Henuck's Jewellery Emporium.
  9204 | D:7      | Reached ***** piety under Uskayaw
  9223 | D:7      | Reached ****** piety under Uskayaw
  9629 | D:7      | Found Pokig's Armour Shop.
  9845 | D:7      | Reached skill level 11 in Unarmed Combat
 10021 | D:7      | Found Raupell's Antique Armour Boutique.
 10289 | D:7      | Reached skill level 5 in Invocations
 10569 | D:7      | Found a shadowy altar of Dithmenos.
 10577 | D:7      | Found a blossoming altar of Fedhas.
 10579 | D:7      | Found a glowing silver altar of Zin.
 10580 | D:7      | Found a shattered altar of Ashenzari.
 10584 | D:7      | Found an ancient bone altar of Kikubaaqudgha.
 10646 | D:8      | Noticed Harold
 10648 | D:8      | Noticed Grum
 11267 | D:8      | Reached XP level 10. HP: 27/73 MP: 14/14
 11269 | D:8      | HP: 1/73 [Harold/harpoon shot (4)]
 11983 | D:8      | Reached skill level 12 in Unarmed Combat
 12112 | D:8      | Killed Harold
 12147 | D:8      | Noticed Erica
 12367 | D:7      | Killed Erica
 12367 | D:7      | Reached skill level 10 in Invocations
 12443 | D:8      | Killed Grum
 12923 | D:9      | Noticed an elephant
 12945 | D:9      | Killed an elephant
 13019 | D:9      | Found a staircase to the Lair.
 13411 | D:9      | Found a sacrificial altar of Ru.
 13416 | D:9      | Reached skill level 1 in Armour
 13663 | D:9      | Gained mutation: You have very sharp fingernails. [demonic
                  | ancestry]
 13663 | D:9      | Reached XP level 11. HP: 51/78 MP: 20/20
 13873 | D:9      | Reached skill level 5 in Fighting
 14238 | D:9      | Noticed Joseph
 14266 | D:9      | Killed Joseph
 15088 | D:10     | Entered Level 10 of the Dungeon
 15586 | D:10     | Noticed a two-headed ogre
 15856 | D:10     | Found a transporter.
 15857 | D:10     | Noticed a yaktaur captain
 15857 | D:10     | Noticed a harpy
 15861 | D:10     | Noticed an orc knight
 15863 | D:10     | Noticed a centaur warrior
 15868 | D:10     | Found a transporter.
 16141 | D:10     | Reached skill level 13 in Unarmed Combat
 16141 | D:10     | Gained mutation: You are completely covered in thin
                  | metallic scales. (AC +4, rElec) [demonic ancestry]
 16141 | D:10     | Reached XP level 12. HP: 62/89 MP: 21/21
 16610 | D:10     | Killed a two-headed ogre
 16610 | D:10     | Reached skill level 14 in Unarmed Combat
 16755 | D:10     | Found a staircase to the Orcish Mines.
 16775 | D:10     | Found a roughly hewn altar of Beogh.
 17167 | D:10     | Reached skill level 5 in Armour
 18063 | D:11     | Noticed a two-headed ogre
 18069 | D:11     | Killed a two-headed ogre
 18320 | D:7      | Bought a pair of dazzling boots for 199 gold pieces
 18320 | D:7      | Bought a pair of runed gloves for 157 gold pieces
 18325 | D:7      | Identified the cursed +0 pair of boots "Velitiwu" {rPois
                  | rF+ rC++ SInv} (You bought it in a shop on level 7 of the
                  | Dungeon)
 18424 | Lair:1   | Entered Level 1 of the Lair of Beasts
 19686 | Lair:2   | Gained mutation: You sometimes gain a little power by
                  | taking damage. [demonic ancestry]
 19686 | Lair:2   | Reached XP level 13. HP: 84/101 MP: 19/22
 20386 | Lair:3   | Found a staircase to the Shoals.
 21788 | Lair:4   | Found a hole to the Spider Nest.
 21907 | Lair:4   | Reached skill level 10 in Fighting
 23698 | Lair:6   | Entered Level 6 of the Lair of Beasts
 23739 | Lair:6   | Found the +0 staff of Battle
 24441 | Lair:6   | Reached skill level 10 in Armour
 24735 | Lair:6   | Found a viscous altar of Jiyva.
 24737 | Lair:6   | Found a staircase to the Slime Pits.
 24882 | Lair:6   | Gained mutation: You have claws for hands. [demonic
                  | ancestry]
 24882 | Lair:6   | Reached XP level 14. HP: 71/114 MP: 23/23
 26872 | D:7      | Bought an ancient cloak for 199 gold pieces
 26877 | D:7      | Identified the cursed -3 cloak "Kiahotywoe" {rF+ Str+3}
                  | (You bought it in a shop on level 7 of the Dungeon)
 26967 | Orc:1    | Entered Level 1 of the Orcish Mines
 27008 | Orc:1    | Noticed Snorg
 27016 | Orc:1    | Killed Snorg
 27126 | Orc:1    | Noticed Sonja
 27146 | Orc:1    | Killed Sonja
 27418 | Orc:1    | Found Byg Rudo's Food Emporium.
 27435 | Orc:1    | Noticed Maurice
 27444 | Orc:1    | Killed Maurice
 27516 | Orc:2    | Entered Level 2 of the Orcish Mines
 27516 | Orc:2    | Found a staircase to the Elven Halls.
 27638 | Orc:2    | Found Suaz's Jewellery Boutique.
 28096 | Orc:1    | Mangled by a deep troll

Illustrated notes

Levels and vault maps discovered:
D:1:      psy_arrival_radial01, layout_rooms
D:2:      layout_basic, overflow_temple_1_default, kennysheep_cluttered_room,
          uniq_jessica
D:3:      layout_rooms, first_ration, minmay_fractal_squares_diagonal_5,
          uniq_natasha, uniq_sigmund
D:4:      layout_gridville, serial_shops, nicolae_shop_overgrown_old_shop, shop,
          nicolae_shop_behind_doors, nicolae_shop_crystal, shop,
          chequers_mini_garden
D:5:      layout_cave_pools, nicolae_overflow_hidden_temple,
          nicolae_gozag_cash_rules_everything_around_me, basic_altar,
          uniq_eustachio, uniq_grinder, uniq_duvessa
D:6:      layout_loops_corners, minmay_temple_entry_statues_fountains
D:7:      layout_loops_ring, chequers_temple_overflow_minitemple, serial_shops,
          nicolae_shop_crystal, shop_statue, shop, the_bakery
D:8:      layout_basic, uniq_erica, uniq_harold, uniq_grum
D:9:      layout_roguey, nicolae_overflow_crystal_walls, david_lair_generic,
          uniq_joseph
D:10:     gammafunk_sealed_arena, layout_cross, minmay_orc_entry_temple_small,
          serial_glass, glass_columns_b, glass_columns_a, glass_columns_a,
          glass_columns_a, glass_columns_c, glass_columns_a, glass_columns_c,
          glass_columns_b, glass_columns_c, glass_columns_a
D:11:     layout_gridville
Temple:   dshaligram_water_room_temple
Lair:1:   layout_chaotic_city
Lair:2:   layout_layer_cave, columned_hall_lemuel
Lair:3:   layout_concentric_octagons, shoals_dummy_entry, grunt_megastairs_2,
          lemuel_fruit_fields
Lair:4:   layout_roguey, spider_nest_entry_rubble, lemuel_fruit_tree
Lair:5:   layout_misc_corridors
Lair:6:   minmay_lair_end_enchanted_forest, layout_gridlike, slime_altar_1
Orc:1:    layout_diamond_mine, serial_shops, shop, uniq_maurice, uniq_sonja,
          uniq_snorg
Orc:2:    st_orc_open, layout_caves, serial_shops,
          nicolae_shop_temple_entry_statues_fountains, shop

Skill      XL: |  1  2  3  4  5  6  7  8  9 10 11 12 13 14 |
---------------+-------------------------------------------+-----
Fighting       | 3 4 6 9 11 13 | 13.0
Unarmed Combat | 3 5 6 8 10 11 12 13 14 | 14.5
Invocations    | 2 6 12 | 12.4
Armour         | 1 4 7 10 11 | 11.0
Throwing       | |  1.7
Dodging        | |  2.6

Action                   |  1- 3 |  4- 6 |  7- 9 | 10-12 | 13-15 || total
-------------------------+-------+-------+-------+-------+-------++-------
Melee: Hand axe          |   102 |    59 |       |       |       ||   161
       Unarmed           |     9 |       |   400 |   678 |   636 ||  1723
       War axe           |       |   200 |   109 |       |       ||   309
       Punch             |       |     5 |     8 |    32 |    58 ||   103
       Scimitar          |       |       |       |       |     7 ||     7
 Fire: Hunting sling     |    12 |     4 |     2 |       |       ||    18
Invok: Line Pass         |       |       |       |     2 |     1 ||     3
       Stomp             |       |       |       |     8 |     7 ||    15
Evoke: Wand              |       |       |       |     3 |     2 ||     5
  Use: Potion            |     2 |     4 |     2 |     4 |     1 ||    13
       Scroll            |       |     8 |    14 |     7 |     6 ||    35
 Stab: Invisible         |       |     4 |     1 |     2 |       ||     7
       Distracted        |       |     2 |       |       |       ||     2
       Paralysed         |       |       |    15 |    28 |    46 ||    89
  Eat: Ration            |     1 |     3 |     6 |     8 |     7 ||    25
Armor: Leather armour    |    31 |   110 |       |       |       ||   141
       Plate armour      |       |    68 |   360 |   600 |   390 ||  1418
       Skin              |       |       |       |       |    10 ||    10
Dodge: Dodged            |    70 |   229 |    95 |   166 |   275 ||   835
       Rpst.: Scimitar   |       |       |       |       |     1 ||     1

Table legend:
 A = Non-vault XP
 B = Vault XP
 C = Vault XP percentage of total XP
 D = Non-vault monster count
 E = Vault monster count
 F = Vault count percentage of total count
                 A         B        C        D         E       F
            +---------+---------+-------+---------+---------+-------
      Total |   48465 |   23990 |  33.1 |     445 |     101 |  18.5
            +---------+---------+-------+---------+---------+-------
        D:1 |      18 |       0 |   0.0 |      10 |       0 |   0.0
        D:2 |     266 |      82 |  23.6 |      31 |       5 |  13.9
        D:3 |     169 |      11 |   6.1 |      27 |       6 |  18.2
        D:4 |     512 |       0 |   0.0 |      19 |       0 |   0.0
        D:5 |     669 |     700 |  51.1 |      21 |       4 |  16.0
        D:6 |     603 |       0 |   0.0 |      16 |       0 |   0.0
        D:7 |    1164 |    1378 |  54.2 |      41 |       4 |   8.9
        D:8 |    1920 |    1304 |  40.4 |      30 |       3 |   9.1
        D:9 |    4037 |    1319 |  24.6 |      59 |       5 |   7.8
       D:10 |    3467 |     397 |  10.3 |      22 |       7 |  24.1
       D:11 |    2669 |       0 |   0.0 |      21 |       0 |   0.0
     Lair:1 |    2382 |       0 |   0.0 |      14 |       0 |   0.0
     Lair:2 |    3291 |       0 |   0.0 |      20 |       0 |   0.0
     Lair:3 |    2620 |     111 |   4.1 |      15 |       1 |   6.2
     Lair:4 |    5805 |     211 |   3.5 |      21 |       1 |   4.5
     Lair:5 |    9186 |       0 |   0.0 |      37 |       0 |   0.0
     Lair:6 |    8505 |    9343 |  52.3 |      18 |      46 |  71.9
      Orc:1 |     581 |    6727 |  92.0 |      15 |      10 |  40.0
      Orc:2 |     601 |    2407 |  80.0 |       8 |       9 |  52.9
            +---------+---------+-------+---------+---------+-------
